 Dungeon Crawl Stone Soup version 0.26-a0-1213-gd52f5182fe (webtiles) character file.

Game seed: 759476400752811979

2437 HoaS the Cleaver (level 9, 0/105 HPs)
             Began as a Minotaur Berserker on Dec 30, 2020.
             Was a High Priest of Trog.
             Killed by divine providence
             ... invoked by an orc priest
              (13 damage)
             ... on level 6 of the Dungeon.
             The game lasted 00:10:47 (4873 turns).

HoaS the Cleaver (Minotaur Berserker)               Turns: 4873, Time: 00:10:48

Health: 0/105      AC: 16    Str: 32    XL:     9   Next: 25%
Magic:  8/8        EV:  8    Int:  4    God:    Trog [*****.]
Gold:   477        SH:  0    Dex:  9    Spells: 8/8 levels left

rFire    . . .     SeeInvis .   p - +0 war axe
rCold    . . .     Faith    .   (no shield)
rNeg     . . .     Spirit   .   h - +1 plate armour
rPois    .         Reflect  .   (helmet restricted)
rElec    .         Harm     .   (no cloak)
rCorr    .         Rampage  .   (no gloves)
Will     .....                  (no boots)
Stlth    ..........             (no amulet)
HPRegen  0.27/turn              o - +6 ring of strength
MPRegen  0.11/turn              s - +4 ring of protection

@: berserking, very quick
A: retaliatory headbutt, horns 2
a: Renounce Religion, Berserk, Trog's Hand, Brothers in Arms


You were on level 6 of the Dungeon.
You worshipped Trog.
Trog was extremely pleased with you.
You visited 1 branch of the dungeon, and saw 6 of its levels.
You also visited: Sewer and Ossuary.

You collected 477 gold pieces.

Inventory:

Hand Weapons
 p - a +0 war axe (weapon)
Armour
 h - a +1 plate armour (worn)
Jewellery
 j - an uncursed ring of protection from fire
 m - an uncursed ring of willpower
 o - a +6 ring of strength (left hand)
 s - a +4 ring of protection (right hand)
Wands
 y - a wand of acid (9)
Scrolls
 a - a scroll of remove curse
 c - 4 scrolls of enchant weapon
 d - 3 scrolls of fog
 f - 9 scrolls of teleportation
 q - a scroll of enchant armour
 v - a scroll of identify
Potions
 b - 2 potions of berserk rage {unknown}
 e - 3 potions of might
 g - 4 potions of curing
 i - 2 potions of degeneration {unknown}
 k - 2 potions of ambrosia {unknown}
 l - a potion of invisibility {unknown}
 n - 3 potions of attraction
 r - a potion of haste {unknown}
 t - a potion of resistance {unknown}
 u - a potion of lignification {unknown}
 x - 6 potions of heal wounds


   Skills:
 - Level 3.6 Fighting
 + Level 14.5 Axes
 - Level 2.4 Armour
 - Level 2.1 Dodging


You had 8 spell levels left.
You didn't know any spells.
Your spell library was empty.

Dungeon Overview and Level Annotations

Branches:
Dungeon (6/15)              Sewer (visited)         Ossuary (visited)
 Temple: D:4-7

Altars:

Shops:
D:4 }   D:6 *?


Innate Abilities, Weirdness & Mutations

You reflexively headbutt those who attack you in melee.
You have a pair of horns on your head.


Message History

The orc priest is moderately wounded.
You hit the orc warrior but do no damage.
The orc priest barely misses you.
The orc priest looks braver for a moment.
The orc warrior hits you with a +0 hand axe!
You barely miss the orc priest. You headbutt the orc priest!
The orc priest is almost dead.
Your plate armour prevents you from hitting the orc warrior.
The orc priest mumbles some strange prayers to Beogh against you.
Beogh smites you! The orc priest barely misses you.
A red film seems to cover your vision as you go berserk!
You feel yourself moving faster!
You feel mighty!
The orc warrior hits you with a +0 hand axe.
* * * LOW HITPOINT WARNING * * *
The orc priest calls down the wrath of Beogh upon you.
Beogh smites you!
* * * LOW HITPOINT WARNING * * *
The orc priest invokes the aid of Beogh against you.
Beogh smites you!
You die...

#### ####.[##
#.....?## #.......#
#....#.#.# #.)o..∩..#
###?.@o# ##
#...#..o....#
##.##..##........
..#......###........##
......................
..
......#....#..........
....#..##
#....#....##..#.# ..
....#..
##............#.##..
........
##............#.....


You could see an orc warrior and 2 orc priests.

Vanquished Creatures
  Grinder (D:3)
  Edmund (D:5)
  An orc warrior (D:3)
  A phantom (D:5)
  2 ice beasts
  A centaur (D:5)
  An ogre (D:4)
  3 big kobolds (Sewer)
  3 bullfrogs
  3 scorpions
  5 wights (D:6)
  2 bullfrog zombies (D:4)
  A hound (D:5)
  A bullfrog skeleton (D:4)
  2 jellies (D:6)
  An orc priest (D:5)
  2 orc wizards
  2 centaur skeletons
  Jessica (D:3)
  An iguana (D:6)
  Natasha (D:3)
  A worker ant (D:6)
  3 big kobold zombies (Ossuary)
  2 hound zombies
  A hound skeleton (D:4)
  3 mummies
  A howler monkey zombie (D:6)
  A worker ant zombie (D:4)
  3 gnolls (D:2)
  10 adders
  A shadow imp (D:5)
  A white imp (D:6)
  4 oozes
  2 adder skeletons (D:4)
  An adder zombie (D:4)
  4 worms
  2 dart slugs
  2 leopard geckos
  6 orcs
  6 ball pythons
  7 giant cockroaches
  2 gnoll zombies (Ossuary)
  9 goblins
  3 hobgoblins
  12 jackals
  15 kobolds
  2 quokkas (D:3)
  9 bats
  10 frilled lizards
  4 goblin zombies (Ossuary)
  2 hobgoblin zombies (Ossuary)
  3 orc zombies (Ossuary)
  A quokka skeleton (D:4)
  A quokka zombie (D:4)
  5 rats
175 creatures vanquished.

Vanquished Creatures (others)
  A fungus (Sewer)
  A plant (Sewer)
2 creatures vanquished.

Grand Total: 177 creatures vanquished

Notes
Turn   | Place    | Note
-------+----------+-------------------------------------------
     0 | D:1      | HoaS the Minotaur Berserker began the quest for the Orb.
     0 | D:1      | Reached XP level 1. HP: 19/19 MP: 0/0
   160 | D:1      | Reached skill level 4 in Axes
   180 | D:1      | Reached XP level 2. HP: 23/26 MP: 1/1
   743 | D:2      | Reached skill level 5 in Axes
   743 | D:2      | Reached XP level 3. HP: 28/31 MP: 2/2
   763 | D:2      | Noticed a scorpion
   772 | D:2      | Killed a scorpion
   773 | D:2      | Reached skill level 6 in Axes
   773 | D:2      | Reached XP level 4. HP: 31/39 MP: 3/3
   967 | D:2      | Reached ** piety under Trog
  1012 | D:2      | Reached XP level 5. HP: 25/45 MP: 4/4
  1014 | D:2      | Reached skill level 7 in Axes
  1556 | D:3      | Noticed Grinder
  1574 | D:3      | Killed Grinder
  1575 | D:3      | Reached skill level 8 in Axes
  1575 | D:3      | Reached XP level 6. HP: 32/51 MP: 5/5
  1920 | D:3      | Noticed Jessica
  1921 | D:3      | Killed Jessica
  1922 | D:3      | Reached skill level 9 in Axes
  1939 | D:3      | Noticed an orc warrior
  1960 | D:3      | Killed an orc warrior
  1961 | D:3      | Reached XP level 7. HP: 25/57 MP: 6/6
  2224 | D:3      | Noticed Natasha
  2231 | D:3      | Killed Natasha
  2712 | D:3      | Reached skill level 10 in Axes
  2790 | D:4      | Reached *** piety under Trog
  3065 | D:4      | Found Xajitzat's Gadget Shoppe.
  3132 | D:4      | Reached skill level 11 in Axes
  3542 | D:5      | Entered Level 5 of the Dungeon
  3549 | D:5      | Noticed Edmund
  3558 | D:5      | Killed Edmund
  3559 | D:5      | Reached XP level 8. HP: 64/64 MP: 7/7
  3656 | D:5      | Reached **** piety under Trog
  3657 | D:5      | Reached skill level 12 in Axes
  3693 | D:5      | You fall into a shaft and drop 1 floor!
  3706 | D:6      | Found a glowing drain.
  3735 | Sewer    | Entered a sewer
  3760 | Sewer    | Reached skill level 13 in Axes
  3988 | D:6      | Found Ytaif's Magic Scroll Emporium.
  4032 | D:6      | Reached XP level 9. HP: 70/70 MP: 8/8
  4042 | D:6      | Reached skill level 14 in Axes
  4163 | D:5      | Found a sand-covered staircase.
  4171 | Ossuary  | Entered an ossuary
  4338 | D:5      | Reached ***** piety under Trog
  4863 | D:6      | Found Muew's General Store.
  4873 | D:6      | Killed from afar by an orc priest

Illustrated notes

Levels and vault maps discovered:
D:1:      elethiomel_arrival_infinity_welcomes_careful_drivers, layout_basic,
          minmay_vboxes
D:2:      layout_loops_ring
D:3:      layout_loops_corners, uniq_natasha, uniq_jessica, uniq_grinder
D:4:      layout_basic, serial_shops, shop, serial_undead, serial_undead_b,
          serial_undead_f, serial_undead_f, serial_undead_b, chequers_big_river,
          minmay_diced_spiral
D:5:      layout_basic, gup_ossuary_entry_pyramid, uniq_edmund
D:6:      layout_cave_pools, gup_sewer_entry_glass, serial_shops, shop,
          nicolae_shop_crystal

Skill      XL: |  1  2  3  4  5  6  7  8  9 |
---------------+----------------------------+-----
Axes           | 4 5 6 8 9 11 13 14 | 14.5
Fighting       | |  3.6
Armour         | |  2.4
Dodging        | |  2.1

Action                   |  1- 3 |  4- 6 |  7- 9 || total
-------------------------+-------+-------+-------++-------
Melee: Hand axe          |    52 |    98 |     6 ||   156
       Headbutt          |     9 |    11 |    45 ||    65
       War axe           |       |       |   264 ||   264
Invok: Berserk           |       |     2 |     2 ||     4
       Trog's Hand       |       |     1 |       ||     1
  Use: Scroll            |     4 |     5 |     4 ||    13
       Potion            |       |       |     1 ||     1
Armor: Leather armour    |     4 |       |       ||     4
       Plate armour      |    21 |    45 |   147 ||   213
Dodge: Dodged            |    21 |    29 |   112 ||   162

Table legend: (Time is in decaauts)
 A = Elapsed time spent in this place.
 B = Non-inter-level travel time spent in this place.
 C = Inter-level travel time spent in this place.
 D = Time resting spent in this place.
 E = Time spent auto-exploring this place.
 F = Levels seen in this place.
 G = Mean time per level.
                   A        B        C        D        E       F      G
               +--------+--------+--------+--------+--------+-----+--------+
         Total |   4890 |   4668 |    222 |    688 |   3022 |   8 |  611.2 |
       Dungeon |   4511 |   4289 |    222 |    688 |   2800 |   6 |  751.8 |
         Sewer |    237 |    237 |      0 |      0 |    149 |   1 |  237.0 |
       Ossuary |    141 |    141 |      0 |      0 |     72 |   1 |  141.0 |
               +--------+--------+--------+--------+--------+-----+--------+

Top non-repeatable levels by time:
     D:3: 1280 daAuts
     D:2: 809 daAuts
     D:4: 766 daAuts
     D:5: 763 daAuts
     D:1: 698 daAuts
   Sewer: 237 daAuts
     D:6: 193 daAuts
 Ossuary: 141 daAuts
